 Dungeon Crawl Stone Soup version 0.18.1-6-gd335043 (webtiles) character file.

44 manyhoops the Skirmisher (level 3, 0/30 HPs)
             Began as a Demonspawn Fighter on May 18, 2016.
             Slain by a goblin
             ... wielding a +1 dagger of electrocution
              (13 damage)
             ... on level 2 of the Dungeon.
             The game lasted 00:02:19 (858 turns).

manyhoops the Skirmisher (Demonspawn Fighter)        Turns: 858, Time: 00:02:19

Health: 0/30       AC:  9    Str: 17    XL:     3   Next: 39%
Magic:  3/3        EV:  9    Int:  9    God:
Gold:   85         SH:  0    Dex: 12    Spells: 0 memorised, 2 levels left

rFire  . . .     SeeInvis .     a - +0 war axe
rCold  . . .     Gourm    .     b - +0 scale mail
rNeg   . . .     Faith    .     (no shield)
rPois  .         Spirit   .     (helmet restricted)
rElec  .         Dismiss  .     (no cloak)
rCorr  .         Reflect  .     (no gloves)
SustAt .         Harm     .     o - +1 pair of boots
MR     .....                    (no amulet)
Stlth  ..........               (no ring)
                                (no ring)

@: lethally poisoned (0 -> -3), not resistant to hostile enchantments, extremely
unstealthy
A: antennae 1
a: no special abilities


You were on level 2 of the Dungeon.
You were not hungry.

You visited 1 branch of the dungeon, and saw 2 of its levels.

You collected 85 gold pieces.

Inventory:

Hand Weapons
 a - a +0 war axe (weapon)
Armour
 b - a +0 scale mail (worn)
 o - a +1 pair of boots (worn)
Jewellery
 c - an uncursed ring of ice {unknown}
Scrolls
 e - 2 scrolls of blinking {unknown}
 h - a scroll of enchant armour {unknown}
 j - a scroll of remove curse {unknown}
 l - a scroll of teleportation {unknown}
 m - a scroll of identify {unknown}
 p - a scroll of magic mapping {unknown}
Potions
 d - a potion of might
 i - a potion of magic {unknown}
 k - a potion of ambrosia {unknown}
 n - a potion of beneficial mutation {unknown}
 q - a potion of curing {unknown}
 r - a potion of mutation {unknown}
Comestibles
 f - 4 bread rations
 g - 4 meat rations


   Skills:
 + Level 3.7 Fighting
 + Level 2.2 Axes
 + Level 3.2 Armour
   Level 2.6 Shields


You had 2 spell levels left.
You didn't know any spells.

Dungeon Overview and Level Annotations

Branches:
Dungeon (2/15)

Altars:


Innate Abilities, Weirdness & Mutations

You have a pair of small antennae on your head.


Message History

You are electrocuted!
The adder closely misses you.
Your scale mail prevents you from hitting the adder.
The adder is lightly wounded.
You closely miss the goblin. The adder closely misses you.
The goblin hits you but does no damage. The adder bites you.
You miss the adder.
The adder is lightly wounded.
You closely miss the goblin. The goblin barely misses you. The adder bites you.
You are poisoned.
The adder poisons you! The goblin hits you but does no damage.
The adder closely misses you.
You barely miss the adder.
The adder is lightly wounded.
You hit the goblin but do no damage.
You feel sick. The adder barely misses you.
The goblin hits you but does no damage.
You hit the adder.
The adder is severely wounded.
You hit the goblin but do no damage. The adder bites you but does no damage.
The goblin hits you but does no damage.
You are electrocuted!
You die...

############
#...@S......
#.###g......
#...........
#######..#......##
#....>.....)....#
#.#####..#...[..#
######.#
#..##.....#
#......# #..#
.##### ##.####.#
#... .


You could see an adder and a goblin.

Vanquished Creatures
  An adder (D:2)
  An ooze (D:1)
  2 giant geckos (D:1)
  2 giant cockroaches (D:1)
  3 goblins
  4 hobgoblins
  6 bats
  A giant newt (D:1)
  4 kobolds
  3 rats
27 creatures vanquished.

Notes
Turn   | Place    | Note
--------------------------------------------------------------
     0 | D:1      | manyhoops the Demonspawn Fighter began the quest for the Orb.
     0 | D:1      | Reached XP level 1. HP: 18/18 MP: 1/1
   143 | D:1      | Gained mutation: You have a pair of small antennae on your head. [demonic ancestry]
   143 | D:1      | Reached XP level 2. HP: 24/24 MP: 2/2
   590 | D:2      | Reached XP level 3. HP: 20/29 MP: 3/3
   858 | D:2      | Slain by a goblin

Skill      XL: |  1  2 |
---------------+-------+-----
Armour         | 3 |  3.2
Axes           | 2 |  2.2
Fighting       | |  3.7
Shields        | |  2.6

Action                   || total
-------------------------++-------
Melee: War axe           ||    99
Armor: Scale mail        ||    67
Dodge: Dodged            ||    90
